 Dungeon Sprint DCSS version 0.28-a0-258-g8de209e91f (webtiles) character file.

Game seed: 9501089928987065349

28 MikeHunt the Shield-Bearer (level 3, -1/29 HPs)
             Began as a Formicid Fighter on Aug 26, 2021.
             Slain by a wolf (3 damage)
             ... in the Dungeon (Sprint III: "The Ten Rune Challenge").
             The game lasted 00:00:36 (131 turns).

MikeHunt the Shield-Bearer (Formicid Fighter)        Turns: 131, Time: 00:00:36

Health: -1/29      AC:  6    Str: 20    XL:     3   Next: 30%
Magic:  3/3        EV:  8    Int:  7    God:
Gold:   0          SH:  9    Dex: 11    Spells: 2/2 levels left

rFire   . . .      SeeInvis +   a - +0 flail
rCold   . . .      Faith    .   c - +0 kite shield
rNeg    . . .      Spirit   .   b - +0 scale mail
rPois   .          Reflect  .   (helmet unavailable)
rElec   .          Harm     .   (no cloak)
rCorr   .          Rampage  .   (no gloves)
Will    .....                   (no boots)
Stlth   ..........              (no amulet)
HPRegen 0.09/turn               (no ring)
MPRegen 0.08/turn               (no ring)

@: mighty
A: permanent stasis, dig shafts and tunnels, antennae 3, four strong arms
a: Dig


You were in the Dungeon.
You visited 1 branch

Inventory:

Hand Weapons
 a - a +0 flail (weapon)
Armour
 b - a +0 scale mail (worn)
 c - a +0 kite shield (worn)
Potions
 e - a potion of curing
 g - 2 potions of magic


   Skills:
 - Level 3.2 Fighting
 + Level 4.6 Maces & Flails
 - Level 3.2 Armour
 + Level 6.2 Shields


You had 2 spell levels left.
You didn't know any spells.
Your spell library was empty.

Dungeon Overview and Level Annotations

Branches:
Dungeon (1/1)

Altars:


Innate Abilities, Weirdness & Mutations

You cannot be hasted, slowed, berserked, paralysed or teleported.
You can dig through walls and to a lower floor.
You have a pair of large antennae on your head. (SInv)
Your four strong arms can wield two-handed weapons with a shield.


Message History

You miss the wolf. You block the wolf's attack. The wolf bites you!
You are too injured to fight recklessly!
You are too injured to fight recklessly!
You are too injured to fight recklessly!
You closely miss the wolf. The wolf bites you. You block the wolf's attack.
You closely miss the wolf. The wolf bites you but does no damage.
You block the wolf's attack.
You barely miss the wolf. The wolf closely misses you. The wolf bites you.
* * * LOW HITPOINT WARNING * * *
You feel much better. The wolf bites you. The wolf closely misses you.
You barely miss the wolf. The wolf bites you but does no damage.
The wolf bites you.
You closely miss the wolf. You block the wolf's attack. The wolf bites you.
Your scale mail prevents you from hitting the wolf.
The wolf bites you but does no damage. The wolf bites you!
You miss the wolf. The wolf barely misses you. You block the wolf's attack.
You miss the wolf. The wolf bites you. The wolf barely misses you. x2
You feel better. The wolf bites you.
You feel very mighty all of a sudden. You block the wolf's attack. x2
You closely miss the wolf. The wolf bites you but does no damage.
The wolf bites you.
You sock the wolf!
The wolf is severely wounded.
The wolf bites you.
* * * LOW HITPOINT WARNING * * *
You block the wolf's attack.
You miss the wolf.
The wolf is severely wounded.
The wolf barely misses you. You block the wolf's attack.
The wolf completely misses you.
You barely miss the wolf.
The wolf is severely wounded.
The wolf bites you but does no damage. x2
You hit the wolf.
The wolf is almost dead.
The wolf bites you.
* * * LOW HITPOINT WARNING * * *
The wolf bites you.
You die...

▓..†..#....≈.♣♣
▓.....#...≈≈...
▓....)#..≈≈≈≈..
▓####'#..≈≈≈≈≈≈
▓)....#.≈≈≈≈≈≈.
▓.....#h≈≈≈≈≈..
▓....)#.≈≈≈....
▓'#####........
▓....@h........
▓▓▓▓▓▓▓▓▓▓▓▓▓▓▓
{ { {{ { { { {
{{


You could see a wolf.

Vanquished Creatures
  Jessica (D)
  An endoplasm (D)
  2 rats (D)
4 creatures vanquished.

Notes
Turn   | Place    | Note
-------+----------+-------------------------------------------
     0 | D        | MikeHunt the Formicid Fighter began the quest for the Orb.
     0 | D        | Reached XP level 1. HP: 18/18 MP: 1/1
     6 | D        | Reached skill level 4 in Shields
    83 | D        | Noticed Jessica
    86 | D        | Killed Jessica
    87 | D        | Reached skill level 6 in Shields
    87 | D        | Reached XP level 2. HP: 20/24 MP: 2/2
    87 | D        | Reached XP level 3. HP: 24/29 MP: 3/3
   131 | D        | Slain by a wolf

Illustrated notes

Levels and vault maps discovered:
D:        dungeon_sprint_mu [sprint_mu_entry_forest, sprint_mu_temple_rooms,
          sprint_mu_d1_spiders, sprint_mu_d2_genie, sprint_mu_d3_branching,
          sprint_mu_orc_legion, sprint_mu_elf_gauntlet, sprint_mu_hive_nellie,
          sprint_mu_lair_fedhas, sprint_mu_vaults_butterflies,
          sprint_mu_slime_circle, sprint_mu_swamp_cave, sprint_mu_shoals_kraken,
          sprint_mu_blade_basic, sprint_mu_crypt_lich, sprint_mu_tomb_spiral,
          sprint_mu_vestibule_basic, sprint_mu_gehenna_hellfire,
          sprint_mu_dis_giant, sprint_mu_tartarus_statrot,
          sprint_mu_cocytus_islands, sprint_mu_zot1]

Skill      XL: |  1 |
---------------+----+-----
Shields        | 6 |  6.2
Maces & Flails | 4 |  4.6
Fighting       | |  3.2
Armour         | |  3.2

Action                   || total
-------------------------++-------
Melee: Flail             ||    25
  Use: Potion            ||     3
Armor: Scale mail        ||    11
Dodge: Dodged            ||    12
Block: Kite shield       ||    12

Table legend: (Time is in decaauts)
 A = Elapsed time spent in this place.
 B = Non-inter-level travel time spent in this place.
 C = Inter-level travel time spent in this place.
 D = Time resting spent in this place.
 E = Time spent auto-exploring this place.
 F = Levels seen in this place.
 G = Mean time per level.
                   A        B        C        D        E       F      G
               +--------+--------+--------+--------+--------+-----+--------+
         Total |    138 |    138 |      0 |     67 |      0 |   1 |  138.0 |
       Dungeon |    138 |    138 |      0 |     67 |      0 |   1 |  138.0 |
               +--------+--------+--------+--------+--------+-----+--------+

Top non-repeatable levels by time:
       D: 138 daAuts
